 Dungeon Sprint DCSS version 0.29-a0-275-g389c0b56f3 (webtiles) character file.

Game seed: 12566193194836788470

2482 mhtbhm the Fighter (level 9, -2/96 HPs)
             Began as a Minotaur Berserker on Mar 12, 2022.
             Was an Elder of Trog.
             Slain by a ghost moth (9 damage)
             ... called by a spriggan druid
             ... in the Dungeon (Sprint IV: "Fedhas' Mad Dash").
             The game lasted 00:02:21 (1813 turns).

mhtbhm the Fighter (Minotaur Berserker)             Turns: 1813, Time: 00:02:22

Health: -2/96      AC:  2    Str: 25 (26) XL:     9   Next: 27%
Magic:  8/8        EV: 14    Int:  2 (4)  God:    Trog [****..]
Gold:   135        SH:  0    Dex: 10      Spells: 8/8 levels left

rFire   . . .      SeeInvis .   a - +0 hand axe
rCold   . . .      Faith    .   (no shield)
rNeg    . . .      Spirit   .   b - +0 animal skin
rPois   .          Reflect  .   (helmet restricted)
rElec   .          Harm     .   (no cloak)
rCorr   .          Rampage  .   (no gloves)
Will    .....      NoTele   +   (no boots)
Stlth   +++.......              i - amulet of invisibility {+Inv}
HPRegen 0.26/turn               (no ring)
MPRegen 0.11/turn               (no ring)

@: on berserk cooldown
A: horns 2, retaliatory headbutt
a: Renounce Religion, Evoke Invisibility, Berserk, Trog's Hand, Brothers in Arms


You were in the Dungeon.
You worshipped Trog.
Trog was greatly pleased with you.
You visited 1 branch You collected 135 gold pieces.

Inventory:

Hand Weapons
 a - a +0 hand axe (weapon)
Armour
 b - a +0 animal skin (worn)
Jewellery
 i - the amulet of invisibility (around neck) {+Inv}
   (You found it in the Dungeon)

   [amulet of nothing]

   +Inv:      It lets you turn invisible.
Scrolls
 j - 3 scrolls of identify {unknown}
Potions
 c - a potion of curing
 d - 2 potions of heal wounds
 e - a potion of haste
 f - 2 potions of magic
 g - a potion of berserk rage


   Skills:
 + Level 14.8 Fighting
 + Level 14.8 Axes
 + Level 6.7 Armour
 + Level 8.5 Dodging
 + Level 5.3 Stealth
 + Level 5.8 Evocations


You had 8 spell levels left.
You didn't know any spells.
Your spell library was empty.

Dungeon Overview and Level Annotations

Branches:
Dungeon (1/1)

Altars:
Cheibriados
Dithmenos
Elyvilon
Gozag
Hepliaklqana
Kikubaaqudgha
Makhleb
Nemelex Xobeh
Okawaru
Qazlal
Ru
Sif Muna
Trog
Uskayaw
Vehumet
Wu Jian
Xom
Yredelemnul
Zin
The Shining One
Beogh
Jiyva
Lugonu

Shops:
D *?


Innate Abilities, Weirdness & Mutations

You have a pair of horns on your head.
You reflexively headbutt those who attack you in melee.


Message History

Trog accepts your kill.
Trog will now gift you melee weapons as you gain piety.
Trog appreciates your killing of a magic user.
Your Stealth skill increases to level 5!
Your Evocations skill increases to level 5!
Unknown command.
Found a dagger.
You feel a strong urge to attack something.
Things that are here:
a +0 quarterstaff; a +0 robe You start resting.
You feel your anger nearly subside.
You are no longer berserk.
You are exhausted.
You feel yourself slow down.
You start resting.
You hear a shout!
A scorpion comes into view.
The scorpion moves out of view.
You start resting.
There is a strange disturbance nearby!
There is a strange disturbance nearby!
You feel yourself speed up.
Things that are here:
a +0 quarterstaff; a +0 robe Deactivating autopickup; reactivate with Ctrl-A.
You barely miss something. Something hits you!
You feel weakened. Something hits you!
You feel dopey. Something stings you!
* * * LOW HITPOINT WARNING * * *
Unknown command.
Okay, then.
Your ogre goes berserk!
Trog will no longer gift you weapons. Something hits you!!
* * * LOW HITPOINT WARNING * * *
You feel dopey. Something hits you!
You die...

###############################
...#.....#.⌠._._._._.⌠.#.()...#
...'.#...'.._._._._._..'..#...#
...#.#...#..._._._._...#..###'##
#######'##.._._._._._..#..##∩∩.+
.....'...#._._._._._.⌠.#########
.....#...###############
.♣..######♣♣♣♣♣{.♣O#
######.)'......♣@.♣
'.......#♣..♣♣♣.♣..#
#.......#.♣♣..♣.$$♣+ ##########
########


You could see a friendly ogre (summoned, berserk).

Vanquished Creatures
  A spriggan druid (D)
  2 oklob plants (D)
  2 burning bushes (D)
  A queen bee (D)
  2 scorpions (D)
  4 killer bees (D)
  5 oklob saplings (D)
  2 spriggans (D)
  A river rat (D)
  A rat (D)
21 creatures vanquished.

Vanquished Creatures (others)
  A wandering mushroom (D)
  3 fungi (D)
4 creatures vanquished.

Grand Total: 25 creatures vanquished

Notes
Turn   | Place    | Note
-------+----------+-------------------------------------------
     0 | D        | mhtbhm the Minotaur Berserker began the quest for the Orb.
     0 | D        | Reached XP level 1. HP: 19/19 MP: 0/0
     9 | D        | Reached XP level 2. HP: 28/28 MP: 1/1
   155 | D        | Noticed an oklob sapling
   158 | D        | Killed an oklob sapling
   159 | D        | Reached skill level 5 in Fighting
   159 | D        | Reached XP level 3. HP: 37/37 MP: 2/2
   216 | D        | Noticed a scorpion
   216 | D        | Found the amulet of invisibility {+Inv}
   218 | D        | Killed a scorpion
   218 | D        | Reached ** piety under Trog
   219 | D        | Reached XP level 4. HP: 47/47 MP: 3/3
   277 | D        | Found an opulent altar of Gozag.
   277 | D        | Found a hazy altar of Hepliaklqana.
   277 | D        | Found a burning altar of Makhleb.
   277 | D        | Found a sparkling altar of Nemelex Xobeh.
   277 | D        | Found a snail-covered altar of Cheibriados.
   277 | D        | Found a sacrificial altar of Ru.
   277 | D        | Found a shimmering blue altar of Sif Muna.
   277 | D        | Found a shimmering altar of Xom.
   277 | D        | Found a basalt altar of Yredelemnul.
   278 | D        | Found a viscous altar of Jiyva.
   278 | D        | Found a bloodstained altar of Trog.
   278 | D        | Found an ornate altar of the Wu Jian Council.
   279 | D        | Found an iron altar of Okawaru.
   279 | D        | Found a shadowy altar of Dithmenos.
   279 | D        | Found a glowing silver altar of Zin.
   280 | D        | Found an ancient bone altar of Kikubaaqudgha.
   280 | D        | Found a hide-covered altar of Uskayaw.
   281 | D        | Found a stormy altar of Qazlal.
   281 | D        | Found a white marble altar of Elyvilon.
   281 | D        | Found a glowing golden altar of the Shining One.
   282 | D        | Found a corrupted altar of Lugonu.
   282 | D        | Found a radiant altar of Vehumet.
   288 | D        | Reached XP level 5. HP: 55/55 MP: 1/4
   398 | D        | Reached skill level 5 in Armour
   398 | D        | Reached skill level 1 in Stealth
   399 | D        | Reached *** piety under Trog
   405 | D        | Reached skill level 5 in Dodging
   405 | D        | Reached skill level 1 in Evocations
   405 | D        | Reached XP level 6. HP: 66/66 MP: 5/5
   516 | D        | Found Oppem's Magic Scroll Shop.
   516 | D        | Found Fiosch's Assorted Antiques.
   558 | D        | Reached skill level 10 in Fighting
   558 | D        | Reached skill level 10 in Axes
   717 | D        | Noticed a queen bee
   729 | D        | Killed a queen bee
   729 | D        | Reached **** piety under Trog
   730 | D        | Reached XP level 7. HP: 36/75 MP: 4/6
  1068 | D        | Noticed an oklob plant
  1076 | D        | Killed an oklob plant
  1077 | D        | Reached XP level 8. HP: 86/86 MP: 7/7
  1125 | D        | Noticed a burning bush
  1135 | D        | Killed a burning bush
  1330 | D        | Noticed a burning bush
  1330 | D        | Noticed an oklob plant
  1331 | D        | Noticed a wandering mushroom
  1341 | D        | Killed a wandering mushroom
  1624 | D        | Killed a burning bush
  1728 | D        | Killed an oklob plant
  1728 | D        | Reached ***** piety under Trog
  1729 | D        | Reached XP level 9. HP: 96/96 MP: 6/8
  1771 | D        | Noticed a spriggan druid
  1786 | D        | Killed a spriggan druid
  1787 | D        | Reached skill level 5 in Stealth
  1787 | D        | Reached skill level 5 in Evocations
  1813 | D        | Slain by a ghost moth

Illustrated notes

Levels and vault maps discovered:
D:        dungeon_sprint_fedhas [sprint_temple]

Skill      XL: |  1  2  3  4  5  6  7  8  9 |
---------------+----------------------------+-----
Fighting       | 4 5 7 8 9 11 13 14 | 14.8
Axes           | 4 6 7 8 9 11 13 14 | 14.8
Armour         | 3 4 5 6 |  6.7
Dodging        | 3 4 5 6 7 8 |  8.5
Stealth        | 1 2 3 4 5 |  5.3
Evocations     | 1 2 3 4 5 |  5.8

Action                   |  1- 3 |  4- 6 |  7- 9 || total
-------------------------+-------+-------+-------++-------
Melee: Hand axe          |     6 |    20 |    59 ||    85
       Headbutt          |     1 |     4 |    16 ||    21
Invok: Berserk           |     3 |     5 |     5 ||    13
       Brothers in Arms  |       |       |     1 ||     1
 Abil: Evoke Invisibilit |       |     2 |     3 ||     5
  Use: Scroll            |       |       |     1 ||     1
 Stab: Invisible         |       |     1 |     2 ||     3
       Sleeping          |       |     1 |       ||     1
Armor: Animal skin       |     1 |     1 |       ||     2
Dodge: Dodged            |     1 |    15 |     7 ||    23

Table legend: (Time is in decaauts)
 A = Elapsed time spent in this place.
 B = Non-inter-level travel time spent in this place.
 C = Inter-level travel time spent in this place.
 D = Time resting spent in this place.
 E = Time spent auto-exploring this place.
 F = Levels seen in this place.
 G = Mean time per level.
                   A        B        C        D        E       F      G
               +--------+--------+--------+--------+--------+-----+--------+
         Total |   1923 |   1923 |      0 |   1592 |      0 |   1 | 1923.0 |
       Dungeon |   1923 |   1923 |      0 |   1592 |      0 |   1 | 1923.0 |
               +--------+--------+--------+--------+--------+-----+--------+

Top non-repeatable levels by time:
       D: 1923 daAuts
